 Dungeon Crawl Stone Soup version 0.23-a0-13-gb09bef45d9 (webtiles) character file.

1925 Bapho the Slasher (level 8, -1/63 HPs)
             Began as a Demonspawn Chaos Knight on Aug 2, 2018.
             Slain by a troll (2 damage)
             ... on level 9 of the Dungeon.
             The game lasted 00:17:10 (8838 turns).

Bapho the Slasher (Demonspawn Chaos Knight)         Turns: 8838, Time: 00:17:11

Health: -1/63      AC: 13    Str: 12    XL:     8   Next: 96%
Magic:  8/8        EV:  6    Int: 13    God:    Xom [*.....]
Gold:   388        SH:  4    Dex: 14    Spells: 7/7 levels left

rFire    + + .     SeeInvis .   a - +0 long sword
rCold    + . .     Gourm    .   (no shield)
rNeg     . . .     Faith    .   n - +0 chain mail {rC+}
rPois    .         Spirit   .   (no helmet)
rElec    .         Reflect  +   (no cloak)
rCorr    .         Harm     .   (no gloves)
MR       +....                  p - +1 pair of boots (curse)
Stlth    ..........             A - +4 amulet of reflection
HPRegen  0.20/turn              f - ring of protection from fire
MPRegen  0.11/turn              s - ring of protection from magic

@: berserk cooldown, slowed, very slow
A: claws 1, icy blue scales 1, demonic guardian 1, dopey 1, fire resistance 1,
high mp 1, mutation resistance 1, sense surroundings 1, MP-powered wands
a: Renounce Religion


You were on level 9 of the Dungeon.
You worshipped Xom.
You were a special plaything of Xom.
You were not hungry.

You visited 1 branch of the dungeon, and saw 8 of its levels.

You collected 388 gold pieces.

Inventory:

Hand Weapons
 a - a +0 long sword (weapon)
 b - a +0 shortbow
 C - a +1 falchion of chaos
 E - a +0 halberd
Missiles
 d - 107 arrows
 i - 220 stones
 x - 6 javelins (quivered)
Armour
 j - a +0 chain mail
 m - a -2 cloak
 n - a +0 chain mail of cold resistance (worn)
 p - a cursed +1 pair of boots (worn)
 G - a +2 leather armour
Jewellery
 f - a ring of protection from fire (left claw)
 r - an uncursed amulet of magic regeneration
 s - a ring of protection from magic (right claw)
 y - an uncursed ring of resist corrosion
 A - a +4 amulet of reflection (around neck)
 B - a cursed amulet of inaccuracy
 D - an uncursed ring of protection from magic
 F - an uncursed ring of ice {unknown}
 J - an uncursed ring of magical power {unknown}
Wands
 g - a wand of flame (25)
 q - a wand of acid (7)
 u - a wand of polymorph (6)
 H - a wand of iceblast (5)
Scrolls
 e - 4 scrolls of remove curse
 h - 2 scrolls of identify
 l - a scroll of magic mapping {unknown}
 o - 2 scrolls of vulnerability
 t - 4 scrolls of teleportation
 z - a scroll of amnesia
 I - a scroll of blinking {unknown}
Comestibles
 c - 12 rations


   Skills:
 - Level 5.5 Fighting
 - Level 6.7 Long Blades
 - Level 5.7 Bows
 + Level 3.6 Armour
 + Level 3.2 Dodging


You had 7 spell levels left.
You didn't know any spells.
Your spell library contained the following spells:

 Spells                   Type           Power        Failure   Level  Hunger
 Magic Dart               Conj           #...         100%        1    ##.....
 Apportation              Tloc           #.....       100%        1    ##.....
 Conjure Flame            Conj/Fire      #.......     100%        3    ####...
 Slow                     Hex            #.......     100%        2    ###....
 Invisibility             Hex            #.......     100%        6    #######
 Mephitic Cloud           Conj/Pois/Air  #.......     100%        3    ####...
 Blink                    Tloc           N/A          100%        2    ###....
 Call Imp                 Summ           #.......     100%        2    ###....
 Tukima's Dance           Hex            #.......     100%        3    ####...
 Summon Butterflies       Summ           #.......     100%        1    ##.....
 Alistair's Intoxication  Tmut/Pois      #.......     100%        5    ######.
 Lesser Beckoning         Tloc           #.........   100%        3    ####...


Dungeon Overview and Level Annotations

Branches:
Dungeon (7/15)             Temple (0/1) D:5

Altars:
Cheibriados
Fedhas
Gozag
Makhleb
Nemelex Xobeh
Okawaru
Ru
Vehumet
Wu Jian
Xom
Zin

Shops:
D:4 (

Annotations:
D:7 1 transporter


Innate Abilities, Weirdness & Mutations

You have sharp fingernails.
You are partially covered in icy blue scales. (AC +2)
A weak demonic guardian rushes to your aid.
Your flesh is heat resistant. (rF+)
You are dopey. (Int -2)
You have an increased reservoir of magic. (+10% MP)
You are somewhat resistant to further mutation.
You passively map a small area around you.
You expend magic power (3 MP) to strengthen your wands.


Message History

* * * LOW HITPOINT WARNING * * *
You slash the troll!
The troll is severely wounded.
The troll bites you.
* * * LOW HITPOINT WARNING * * *
The troll claws you but does no damage. The troll barely misses you.
Unknown command.
Unknown command.
You barely miss the troll.
The troll is severely wounded. "Over there now!"
The troll blinks!
The wight blinks!
The centaur blinks!
The scorpion blinks!
Unknown command.
You swap places.
You are no longer berserk.
You are exhausted.
You feel yourself slow down. The troll bites you but does no damage.
The troll claws you but does no damage. The troll claws you.
You die...
Xom chuckles heartily!

, * , *..* , , *.## , *..#
,, #.############
#.##.........# * *
#.##.........#
,,,###########O)#.........#
, .....zcT@5y§§.)).........
* ############.#.........##
, *#y#########.# * ... , ,
, .# , ...c. , * # *
#...... ,, #####.## * * *
y.


You could see a troll, an ogre, a centaur, a killer bee, a wight and a friendly
iron imp.

Vanquished Creatures
  A steam dragon (D:5)
  2 sky beasts
  A centaur (D:5)
  A bullfrog (D:7)
  A scorpion (D:4)
  4 killer bees (D:7)
  A wight (D:9)
  3 crimson imps (D:7)
  A hound (D:9)
  An orc priest (D:5)
  A centaur skeleton (D:7)
  A bullfrog skeleton (D:5)
  A jelly (D:7)
  4 orc wizards
  2 worker ants
  A hound skeleton (D:7)
  A hound zombie (D:6)
  4 gnolls
  A gnoll (shapeshifter) (D:6)
  A howler monkey skeleton (D:7)
  5 adders
  A shadow imp (D:5)
  3 oozes
  2 adder skeletons
  3 worms
  4 dart slugs
  5 leopard geckos
  16 orcs
  3 bats (D:1)
  3 giant cockroaches
  5 goblins
  4 hobgoblins
  7 jackals
  A quokka (D:4)
  3 ball pythons
  5 frilled lizards
  7 kobolds
  A leopard gecko skeleton (D:6)
  7 rats
118 creatures vanquished.

Vanquished Creatures (collateral kills)
  A hippogriff (D:7)
  2 orc warriors
  An ogre (D:6)
  2 bullfrogs (D:6)
  2 killer bees (D:7)
  A wight (D:9)
  2 orc priests (D:4)
  3 orc wizards (D:4)
  Natasha (thrice) (D:2)
  An adder (D:7)
  An orc (D:5)
  A goblin (D:2)
  A hobgoblin (D:2)
21 creatures vanquished.

Vanquished Creatures (others)
  A dancing weapon (D:9)
  7 toadstools (D:1)
8 creatures vanquished.

Grand Total: 147 creatures vanquished

Notes
Turn   | Place    | Note
-------+----------+-------------------------------------------
     0 | D:1      | Bapho the Demonspawn Chaos Knight began the quest for the Orb.
     0 | D:1      | Reached XP level 1. HP: 18/18 MP: 1/1
    48 | D:1      | XOM: silly message
   101 | D:1      | Reached skill level 3 in Long Blades
   197 | D:1      | Gained mutation: A weak demonic guardian rushes to your aid. [demonic ancestry]
   197 | D:1      | Reached XP level 2. HP: 24/24 MP: 2/2
   731 | D:1      | XOM: god gift: scroll labeled FAEPSI BOCIFYA {god gift}
   758 | D:1      | XOM: god gift: 3 scrolls labeled UROMIA NAUTU {god gift}
   856 | D:1      | Gained mutation: Your flesh is heat resistant. (rF+) [demonic ancestry]
   856 | D:1      | Reached XP level 3. HP: 29/29 MP: 3/3
  1057 | D:2      | Noticed Natasha
  1064 | D:2      | Killed Natasha
  1181 | D:2      | Noticed Natasha
  1235 | D:2      | XOM: 2-stop teleportation journey
  1267 | D:2      | XOM: harmless Necr miscast
  1347 | D:2      | Reached skill level 4 in Long Blades
  1347 | D:2      | Reached XP level 4. HP: 36/37 MP: 4/4
  1366 | D:2      | Killed Natasha
  1629 | D:2      | Noticed Natasha
  1635 | D:2      | Killed Natasha
  2383 | D:3      | Gained mutation: You have sharp fingernails. [demonic ancestry]
  2383 | D:3      | Reached XP level 5. HP: 42/42 MP: 5/5
  2786 | D:3      | XOM: god gift: hardcover book {god gift}
  3006 | D:3      | XOM: cloud trail
  3298 | D:4      | XOM: cloud trail
  3394 | D:4      | Reached skill level 5 in Long Blades
  3395 | D:4      | XOM: potion effect (heal wounds)
  3411 | D:4      | Reached XP level 6. HP: 16/49 MP: 6/6
  3527 | D:4      | XOM: scenery: create altars
  3913 | D:4      | Found Pyneh's Weapon Emporium.
  4056 | D:4      | Found a blossoming altar of Fedhas.
  4056 | D:4      | Found a radiant altar of Vehumet.
  4056 | D:4      | Found a burning altar of Makhleb.
  4056 | D:4      | XOM: 4-stop teleportation journey
  4241 | D:4      | Found an iron altar of Okawaru.
  4263 | D:4      | Noticed an orc warrior
  4266 | D:4      | XOM: butterfly on damage
  4269 | D:4      | XOM: summons 6 friendly demons
  4272 | D:4      | Killed an orc warrior
  4347 | D:4      | Reached skill level 5 in Fighting
  4351 | D:4      | Reached skill level 6 in Long Blades
  4559 | D:4      | XOM: cloud trail
  4656 | D:5      | Entered Level 5 of the Dungeon
  4664 | D:5      | Found a staircase to the Ecumenical Temple.
  4807 | D:5      | Noticed a steam dragon
  4807 | D:5      | a scorpion changed into a steam dragon
  4807 | D:5      | XOM: polymorph scorpion -> steam dragon
  4808 | D:5      | XOM: fog
  4820 | D:5      | Killed a steam dragon
  4820 | D:5      | Reached XP level 7. HP: 44/56 MP: 7/7
  5385 | D:5      | Found a sparkling altar of Nemelex Xobeh.
  5462 | D:5      | XOM: summons 7 friendly demons
  5498 | D:5      | XOM is BORED!
  5796 | D:6      | Reached skill level 1 in Bows
  5822 | D:6      | Found a sparkling altar of Nemelex Xobeh.
  6084 | D:6      | XOM: god gift: wand of iceblast (5)
  6384 | D:5      | XOM: scenery: create altars
  6818 | D:6      | XOM: scenery: create altars
  6898 | D:6      | XOM: polymorph orc -> kobold
  6952 | D:7      | Gained mutation: You are partially covered in icy blue scales. (AC +2) [demonic ancestry]
  6952 | D:7      | Reached XP level 8. HP: 54/63 MP: 8/8
  6985 | D:7      | XOM: divination: detect items
  6991 | D:7      | XOM: cleaving
  7106 | D:6      | XOM: give mutations
  7106 | D:6      | Gained mutation: You expend magic power (3 MP) to strengthen your wands. [Xom's grace]
  7106 | D:6      | Gained mutation: You have an increased reservoir of magic. (+10% MP) [Xom's grace]
  7106 | D:6      | Gained mutation: You are agile. (Dex +2) [Xom's grace]
  7106 | D:6      | Gained mutation: You evolve. [Xom's grace]
  7198 | D:6      | XOM: god gift: garnet ring {god gift}
  7201 | D:6      | Lost mutation: You evolve. [potion of mutation]
  7201 | D:6      | Lost mutation: You are agile. (Dex +2) [potion of mutation]
  7201 | D:6      | Gained mutation: You passively map a small area around you. [potion of mutation]
  7201 | D:6      | Gained mutation: You are somewhat resistant to further mutation. [potion of mutation]
  7219 | D:6      | XOM: god gift: wand of acid (7)
  7511 | D:7      | Found an ornate altar of the Wu Jian Council.
  7514 | D:7      | Noticed a hippogriff
  7519 | D:7      | XOM: cast spell 'Cause Fear'
  7524 | D:7      | XOM: summons 8 friendly demons
  7528 | D:7      | Killed a hippogriff
  7678 | D:7      | Reached skill level 5 in Bows
  7793 | D:7      | XOM: give mutation
  7793 | D:7      | Gained mutation: You are dopey. (Int -2) [Xom's mischief]
  7816 | D:7      | XOM: swap monsters
  8004 | D:7      | Reached skill level 1 in Dodging
  8013 | D:7      | Found a transporter.
  8314 | D:7      | Noticed a komodo dragon
  8773 | D:7      | Found a sacrificial altar of Ru.
  8775 | D:7      | Found a snail-covered altar of Cheibriados.
  8779 | D:7      | Found a glowing silver altar of Zin.
  8780 | D:7      | Found an opulent altar of Gozag.
  8792 | D:7      | You fall through a shaft for 2 floors!
  8792 | D:9      | Noticed a troll
  8792 | D:9      | XOM: fake destruction
  8835 | D:9      | HP: 2/94 [troll (8)]
  8837 | D:9      | XOM: blink monster(s)
  8838 | D:9      | Slain by a troll

Vault maps used:
D:1:      nagdon_arrival_double_spiral
D:2:      st_stairs_1, uniq_natasha
D:3:      first_ration
D:4:      grunt_temple_overflow_open, serial_shops, shop_coins, okawaru_trees_2
D:5:      wad_lake_hut, nemelex_xobeh_ov_fountains_minmay
D:6:      nemelex_diamond_rough_becter
D:7:      minitemple, nicolae_overflow_crystal_walls,
          gammafunk_temple_overflow_arena
D:9:      uniq_erica, uniq_grum

Skill      XL: |  1  2  3  4  5  6  7  8 |
---------------+-------------------------+-----
Long Blades    | 3 4 5 6 |  6.7
Fighting       | 4 5 |  5.5
Bows           | 3 5 |  5.7
Armour         | 3 |  3.6
Dodging        | 3 |  3.2

Action                   |  1- 3 |  4- 6 |  7- 9 || total
-------------------------+-------+-------+-------++-------
Melee: Falchion          |    95 |    45 |       ||   140
       Long sword        |       |   101 |   279 ||   380
 Fire: Shortbow          |       |       |    92 ||    92
Throw: Stone             |    52 |    28 |    15 ||    95
       Javelin           |       |    56 |    25 ||    81
Evoke: Wand              |       |       |     4 ||     4
  Use: Scroll            |     2 |     8 |     1 ||    11
       Potion            |       |     7 |     7 ||    14
 Stab: Distracted        |     2 |       |     3 ||     5
       Petrifying        |       |     1 |       ||     1
       Petrified         |       |     1 |       ||     1
  Eat: Chunk             |     2 |    10 |     7 ||    19
       Ration            |       |       |     2 ||     2
Armor: Leather armour    |     3 |       |       ||     3
       Chain mail        |    59 |    91 |   194 ||   344
Dodge: Dodged            |    31 |    37 |    91 ||   159
Block: Other             |       |     2 |    51 ||    53
       Reflection        |       |       |     1 ||     1
       Rpst.: Falchion   |    10 |     1 |       ||    11
       Long sword        |       |     7 |    21 ||    28

Table legend:
 A = Spawn XP
 B = Non-spawn XP
 C = Spawn XP percentage of total XP
 D = Spawn monster count
 E = Non-spawn monster count
 F = Spawn count percentage of total count
 G = Total turns spent on level
                    A         B        C        D         E        F      G
               +---------+---------+-------+---------+---------+-------+---------
         Total |       0 |    2750 |   0.0 |       0 |     139 |   0.0 |  8838
               +---------+---------+-------+---------+---------+-------+---------
           D:1 |       0 |      45 |   0.0 |       0 |      21 |   0.0 |  1053
           D:2 |       0 |     132 |   0.0 |       0 |      23 |   0.0 |  1080
           D:3 |       0 |      83 |   0.0 |       0 |      16 |   0.0 |  1159
           D:4 |       0 |     423 |   0.0 |       0 |      17 |   0.0 |  1364
           D:5 |       0 |     352 |   0.0 |       0 |      10 |   0.0 |  1184
           D:6 |       0 |     484 |   0.0 |       0 |      19 |   0.0 |  1564
           D:7 |       0 |    1124 |   0.0 |       0 |      30 |   0.0 |  1388
           D:9 |       0 |     107 |   0.0 |       0 |       3 |   0.0 |    46
               +---------+---------+-------+---------+---------+-------+---------
